 Dungeon Crawl Stone Soup version 0.29-a0-251-g80730f7218 (webtiles) character file.

Game seed: 8253328945056825317

224 GordonOverkill the Archer (level 5, -1/29 HPs)
             Began as a Deep Elf Hunter on Mar 5, 2022.
             Hit by a boomerang thrown by an orc (4 damage)
             ... on level 3 of the Dungeon.
             The game lasted 00:05:04 (3015 turns).

GordonOverkill the Archer (Deep Elf Hunter)         Turns: 3015, Time: 00:05:05

Health: -1/29      AC:  3    Str: 11    XL:     5   Next: 67%
Magic:  7/7        EV: 12    Int: 16    God:
Gold:   162        SH:  0    Dex: 15    Spells: 4/4 levels left

rFire   . . .      SeeInvis .   a - +1 shortbow
rCold   . . .      Faith    .   (shield currently unavailable)
rNeg    . . .      Spirit   .   b - +0 leather armour
rPois   .          Reflect  .   (no helmet)
rElec   .          Harm     .   (no cloak)
rCorr   +          Rampage  .   (no gloves)
Will    .....                   (no boots)
Stlth   ++........              (no amulet)
HPRegen 0.09/turn               h - ring of resist corrosion
MPRegen 0.10/turn               (no ring)

@: no status effects
A: no striking features
a: no special abilities


You were on level 3 of the Dungeon.
You visited 1 branch of the dungeon, and saw 3 of its levels.

You collected 162 gold pieces.

Inventory:

Hand Weapons
 a - a +1 shortbow (weapon)
Armour
 b - a +0 leather armour (worn)
 i - a +0 chain mail
Jewellery
 h - a ring of resist corrosion (left hand)
Scrolls
 c - a scroll of teleportation
 d - a scroll of immolation {unknown}
 g - a scroll of magic mapping


   Skills:
 - Level 1.5 Fighting
 + Level 9.2 Bows
 - Level 2.4 Dodging
 - Level 1.2 Stealth


You had 4 spell levels left.
You didn't know any spells.
Your spell library contained the following spells:

 Spells                   Type           Power      Damage    Failure   Level
 Ignite Poison            Fire/Tmut/Pois 0%         N/A       69%         3
 Mephitic Cloud           Conj/Pois/Air  0%         N/A       69%         3
 Freezing Cloud           Conj/Ice/Air   0%         6-21      100%        5


Dungeon Overview and Level Annotations

Branches:
Dungeon (3/15)

Altars:


Message History

Aim: an adder (48% to hit)
You shoot an arrow. The arrow hits the adder!
The adder is almost dead.
You feel sick. The adder bites you.
An orc comes into view. It is wielding a +0 short sword.
The adder bites you.
* * * LOW HITPOINT WARNING * * *
You are more poisoned.
The adder poisons you!
Shoot: a) +1 shortbow
Press: ? - help, Q - select action Shift-Dir - straight line, f/p - adder
Aim: an adder (almost dead, 48% to hit)
You shoot an arrow. The arrow misses the adder.
You feel sick. The adder barely misses you.
Shoot: a) +1 shortbow
Press: ? - help, Q - select action Shift-Dir - straight line, f/p - adder
Aim: an adder (almost dead, 48% to hit)
You shoot an arrow. The arrow hits the adder.
You kill the adder!
You feel sick.
Shoot: a) +1 shortbow
Press: ? - help, Q - select action Shift-Dir - straight line, f - orc
Aim: an orc, wielding a +0 short sword and wearing a +0 leather armour (64% to hit)
You shoot an arrow. The arrow hits the orc.
The orc is almost dead.
You feel sick. The orc barely misses you.
Shoot: a) +1 shortbow
Press: ? - help, Q - select action Shift-Dir - straight line, f/p - orc
Aim: an orc, wielding a +0 short sword and wearing a +0 leather armour (almost dead, 64% to hit)
You shoot an arrow. The arrow hits the orc.
You kill the orc!
You feel sick.
You feel sick.
You feel sick.
The orc throws a boomerang.
The boomerang misses you.
You feel sick.
You are no longer poisoned.
The orc throws a boomerang.
The boomerang hits you.
* * * LOW HITPOINT WARNING * * *
The orc throws a boomerang.
The boomerang hits you.
You die...

....................#######
...#############..........#
.##....## #...######.#
..####..## #.#........#
#......... #.#######..#
##..####.. #.# #..# #........#
#.# #..# ..####...# #.## #..#
.## ##)######@>######..# ..###
#)o..............#
.##.############.########.####
....#..#.#.# #.............#
8..#....#.#### #.########.##.#
..#..#.....#.# #.# #.##.#
8...#.......####.########.##.#
..##.###.....#.#..........##.#
o##.#.####....##.###########.#


You could see an orc.

Vanquished Creatures
  A black bear (D:3)
  Natasha (D:3)
  3 adders
  An ufetubus (D:3)
  2 worms
  A dart slug (D:1)
  7 orcs (D:3)
  5 ball pythons
  A bat (D:1)
  4 endoplasms
  A giant cockroach (D:2)
  5 goblins (D:2)
  9 hobgoblins
  4 jackals (D:1)
  3 quokkas
  4 frilled lizards
  6 kobolds
  2 rats
60 creatures vanquished.

Notes
Turn   | Place    | Note
-------+----------+-------------------------------------------
     0 | D:1      | GordonOverkill the Deep Elf Hunter began the quest for the
                  | Orb.
     0 | D:1      | Reached XP level 1. HP: 12/12 MP: 3/3
    74 | D:1      | Found a faded altar of an unknown god.
    75 | D:1      | Noticed a great orb of eyes
    78 | D:1      | Noticed a shining eye
    78 | D:1      | Noticed a floating eye
    78 | D:1      | Noticed a shining eye
    84 | D:1      | Reached skill level 6 in Bows
    84 | D:1      | Reached XP level 2. HP: 16/16 MP: 4/4
  1130 | D:2      | Reached XP level 3. HP: 20/20 MP: 5/5
  1290 | D:2      | Reached skill level 7 in Bows
  1873 | D:2      | Reached XP level 4. HP: 25/25 MP: 6/6
  2389 | D:3      | Noticed a black bear
  2402 | D:3      | Killed a black bear
  2403 | D:3      | Reached skill level 8 in Bows
  2403 | D:3      | Reached XP level 5. HP: 2/29 MP: 7/7
  2765 | D:3      | Noticed Natasha
  2773 | D:3      | Killed Natasha
  2774 | D:3      | Reached skill level 9 in Bows
  3015 | D:3      | Hit by a boomerang thrown by an orc

Illustrated notes

Levels and vault maps discovered:
D:1:      tarquinn_simple_flora_water_b, layout_loops_cross,
          hellmonk_ecumenical_altar_watching_god, hangedman_feature_mirror
D:2:      layout_loops_cross, serial_aquarium, aquarium_bridge_long_joined
          [aquarium_subvault_bridge, aquarium_subvault_wall,
          aquarium_subvault_window, aquarium_subvault_wall,
          aquarium_subvault_window, aquarium_subvault_window],
          aquarium_bridge_straight [aquarium_subvault_bridge,
          aquarium_subvault_window, aquarium_subvault_bridge,
          aquarium_subvault_wall], aquarium_window_fake,
          aquarium_window_corridor_1, aquarium_view_2f, aquarium_balcony_1b
D:3:      wad_crossroads, layout_basic, nicolae_overflow_ecumenical_swirl,
          tso_altar, uniq_natasha

Skill      XL: |  1  2  3  4  5 |
---------------+----------------+-----
Bows           | 6 7 8 9 |  9.2
Fighting       | |  1.5
Dodging        | |  2.4
Stealth        | |  1.2

Action                   |  1- 3 |  4- 6 || total
-------------------------+-------+-------++-------
 Fire: Shortbow          |   118 |    57 ||   175
  Use: Scroll            |     2 |     3 ||     5
       Potion            |       |     1 ||     1
Armor: Leather armour    |    11 |     7 ||    18
       Chain mail        |     4 |       ||     4
Dodge: Dodged            |    36 |    16 ||    52

Table legend: (Time is in decaauts)
 A = Elapsed time spent in this place.
 B = Non-inter-level travel time spent in this place.
 C = Inter-level travel time spent in this place.
 D = Time resting spent in this place.
 E = Time spent auto-exploring this place.
 F = Levels seen in this place.
 G = Mean time per level.
                   A        B        C        D        E       F      G
               +--------+--------+--------+--------+--------+-----+--------+
         Total |   3051 |   2849 |    202 |    976 |   1413 |   3 | 1017.0 |
       Dungeon |   3051 |   2849 |    202 |    976 |   1413 |   3 | 1017.0 |
               +--------+--------+--------+--------+--------+-----+--------+

Top non-repeatable levels by time:
     D:1: 1125 daAuts
     D:2: 1046 daAuts
     D:3: 878 daAuts
